AoeStats
← Balou

African Clearing

510316036Analyzed
2v2 RM · 3d ago on Sep 30, 2026· 57m 35s· 4 players
Game mode
Random Map
Map size
Medium (4 player)
Population
200
Speed
Normal
Resources
Standard
Victory
Conquest
Starting age
Dark Age
Ending age
Imperial Age
RankedLock teamsTeams togetherTeam positionsShared explorationLock speedFull tech treeHidden civsTurbo modeCheats
Victory
Defeat
🇹🇷 Mongols · Türkiye
1051
+17
🇧🇩 Japanese · Bangladesh
986
+19
🇫🇷 Hindustanis · France
1067
-18
🇫🇷 Georgians · France
1052
-18
shadman0islam
8:13 Loom
13:18 Feudal Age
14:03 Double-Bit Axe
24:14 Castle Age
22:03 Horse Collar
26:23 Heavy Plow
27:24 Wheelbarrow
28:42 Hand Cart
30:54 Stone Mining
31:45 Forging
32:20 Gold Mining
36:43 Gold Shaft Mining
36:43 Stone Shaft Mining
40:10 Imperial Age
39:13 Iron Casting
38:44 Scale Barding Armor
38:44 Husbandry
38:58 Bloodlines
40:33 Chain Barding Armor
41:36 Elite Steppe Lancer
44:06 Blast Furnace
43:09 Padded Archer Armor
47:45 Siege Engineers
48:41 Chemistry
48:02 Ballistics
47:53 Capped Ram
49:44 Siege Ram
50:50 Drill
Ertuğrul Zaman
14:39 Feudal Age
20:15 Castle Age
18:26 Scale Mail Armor
20:21 Double-Bit Axe
20:30 Pikeman
21:13 Squires
20:59 Gambesons
21:47 Stone Mining
28:04 Forging
28:14 Chain Mail Armor
29:51 Wheelbarrow
29:02 Loom
29:03 Town Watch
29:59 Gold Mining
30:01 Arson
30:14 Horse Collar
32:34 Gold Shaft Mining
34:07 Hand Cart
38:11 Bow Saw
38:10 Heavy Plow
40:21 Town Patrol
43:21 Iron Casting
45:50 Imperial Age
46:28 Elite Samurai
47:51 Plate Mail Armor
51:00 Conscription
52:21 Blast Furnace
51:32 Thumb Ring
51:20 Halberdier
57:17 Scale Barding Armor
Colonel Jam
9:37 Loom
11:56 Feudal Age
13:46 Wheelbarrow
13:53 Double-Bit Axe
19:26 Castle Age
19:12 Stone Mining
20:04 Bloodlines
26:31 Scale Barding Armor
29:41 Horse Collar
30:17 Bow Saw
32:53 Forging
37:18 Imperial Age
35:42 Husbandry
36:12 Chain Barding Armor
36:59 Hand Cart
36:54 Town Watch
37:49 Iron Casting
38:37 Conscription
39:18 Elite Monaspa
40:37 Plate Barding Armor
41:54 Blast Furnace
44:17 Aznauri Cavalry
44:37 Gold Mining
46:11 Heavy Plow
Balou
5:22 Loom
12:38 Feudal Age
13:24 Double-Bit Axe
23:55 Castle Age
23:22 Horse Collar
23:35 Gold Mining
23:48 Stone Mining
24:58 Heavy Plow
29:43 Wheelbarrow
29:30 Bow Saw
31:38 Bloodlines
31:35 Husbandry
34:41 Hand Cart
35:32 Gold Shaft Mining
35:36 Stone Shaft Mining
38:40 Imperial Age
36:38 Murder Holes
37:39 Man-at-Arms
38:20 Squires
38:05 Arson
38:37 Forging
38:34 Scale Barding Armor
38:21 Fletching
38:32 Padded Archer Armor
38:32 Scale Mail Armor
39:25 Heavy Camel Rider
40:14 Scale Mail Armor
40:15 Padded Archer Armor
39:50 Long Swordsman
41:54 Two-Handed Swordsman
42:09 Pikeman
44:56 Chain Mail Armor
45:19 Iron Casting
45:21 Ballistics
50:43 Imperial Camel Rider
52:51 Chain Barding Armor
53:33 Blast Furnace
52:50 Leather Archer Armor
53:39 Chemistry
53:47 Two-Man Saw
Connection lost

Rejoining the realm…

Still unreachable

The connection could not be restored.

Session expired

The server has moved on; the page needs a fresh start.